 Dungeon Crawl Stone Soup version 0.18-a0-824-g47fe746 (webtiles) character file.

39 JokEr the Insei (level 3, 0/25 HPs)
             Began as an Octopode Transmuter on Dec 17, 2015.
             Slain by a gnoll
             ... wielding a +0 spear
              (8 damage)
             ... on level 2 of the Dungeon.
             The game lasted 00:04:18 (941 turns).

JokEr the Insei (Octopode Transmuter)                Turns: 941, Time: 00:04:18

Health: 0/25       AC:  1    Str:  9    XL:     3   Next: 45%
Magic:  6/6        EV: 12    Int: 16    God:
Gold:   71         SH:  0    Dex: 12    Spells: 1 memorised, 5 levels left

rFire  x . .     SeeInvis .       - Unarmed
rCold  + . .     Gourm    .     (no shield)
rNeg   . . .     Faith    .     (helmet restricted)
rPois  .         Spirit   .     (no amulet)
rElec  .         Dismiss  .     e - ring of ice
rCorr  .         Reflect  .     (no ring)
SustAt .         Harm     .     (no ring)
MR     .....                    (no ring)
Stlth  ++........               (no ring)
                                (no ring)
                                (no ring)
                                (no ring)

@: not resistant to hostile enchantments, unstealthy
A: almost no armour, amphibious, 8 rings, constrict 8, camouflage 1, gelatinous
body 1
a: no special abilities


You were on level 2 of the Dungeon.
You were not hungry.

You visited 1 branch of the dungeon, and saw 2 of its levels.

You collected 71 gold pieces.

Inventory:

Missiles
 a - 30 arrows
Jewellery
 e - a ring of ice (left tentacle)
 h - a +2 ring of strength {unknown}
Potions
 d - a potion of flight {unknown}
 j - a potion of curing {unknown}
Books
 b - a book of Changes

   Spells                             Type                      Level
   a - Beastly Appendage              Transmutation                1
   b - Sticks to Snakes               Transmutation                2
   c - Spider Form                    Transmutation/Poison         3
   d - Ice Form                       Ice/Transmutation            4
   e - Blade Hands                    Transmutation                5
Comestibles
 c - a bread ration
 i - a beef jerky


   Skills:
 + Level 2.5 Fighting
 - Level 2.0 Dodging
 + Level 3.6 Unarmed Combat
 - Level 2.0 Spellcasting
 - Level 2.0 Transmutations


You had 5 spell levels left.
You knew the following spells:

 Your Spells              Type           Power        Failure   Level  Hunger
a - Beastly Appendage     Trmt           #.....       10%         1    #......


Dungeon Overview and Level Annotations

Branches:
Dungeon (2/15)

Altars:


Innate Abilities, Weirdness & Mutations

You cannot wear most types of armour.
You are amphibious.
You can wear up to eight rings at the same time.
You can use your tentacles to constrict eight enemies at once.
Your skin changes colour to match your surroundings (Stealth).
Your rubbery body absorbs attacks (AC +1).


Message History

You tentacle-slap the gnoll but do no damage.
You grab the gnoll.
You constrict the gnoll, but do no damage.
The gnoll hits you.
You tentacle-slap the gnoll. You squeeze the gnoll!
You kill the gnoll!
The gnoll hits you from afar with a spear!
The gnoll closely misses you. x2
You see here a pair of gloves.
You tentacle-slap the gnoll but do no damage.
You grab the gnoll. You constrict the gnoll. The gnoll barely misses you.
The gnoll closely misses you.
You tentacle-slap the gnoll.
The gnoll is lightly wounded.
You constrict the gnoll. The gnoll misses you.
You tentacle-slap the gnoll. Your squeeze misses the gnoll.
The gnoll is heavily wounded.
You constrict the gnoll, but do no damage.
The gnoll barely misses you. The gnoll hits you with a spear!
You die...

#.#........#
###.#.######.#
......# #.#
......# #.#
......# #.#
.#..### #.#
#)..# ##.##
.#..# #...#####
....## #.....@.#
##...##
#...###g#
#.....##
#######g#
.......# #...#
........#
#....###
........+.......
........####....
.......## ##.#.
#.....## ###.


You could see 2 gnolls.

Vanquished Creatures
  A gnoll (D:2)
  2 giant geckos (D:1)
  2 bats (D:1)
  4 goblins
  3 hobgoblins (D:1)
  4 jackals (D:1)
  2 giant newts (D:1)
  4 kobolds (D:1)
  4 rats
26 creatures vanquished.

Notes
Turn   | Place    | Note
--------------------------------------------------------------
     0 | D:1      | JokEr the Octopode Transmuter began the quest for the Orb.
     0 | D:1      | Reached XP level 1. HP: 13/13 MP: 3/3
    96 | D:1      | Reached XP level 2. HP: 12/18 MP: 3/5
   732 | D:1      | Reached XP level 3. HP: 20/24 MP: 6/6
   941 | D:2      | Slain by a gnoll

Vault maps used:
D:1:      saegor_arrival_simple_b
D:2:      grunt_dithmenos_smoke_and_mirrors, elyvilon_altar_5

Action                   || total
-------------------------++-------
Melee: Unarmed           ||    50
  Use: Scroll            ||     4
 Stab: Sleeping          ||     5
